Construct Section Command Post
Selects Australian Defense Battlegroup
Selects Australian Light Infantry Section
Australian Light Infantry Section
Construct Section Command Post
Australian Light Infantry Section
Construct Field Infirmary
Construct Platoon Command Post
6-pounder Anti-tank Gun Team
Unlock M3 Stuart Light Tanks
Selects Defensive Tactics
Selects CMP 15cwt Supply Run
Construct Company Command Post
Selects Artillery Trip Wire Flares
Australian Light Infantry Section